AoeStats
← Reis

MegaRandom

505949213Analyzed
4v4 RM · 21d ago on Sep 11, 2026· 54m 13s· 8 players
Game mode
Random Map
Map size
Large (8 player)
Population
200
Speed
Normal
Resources
Standard
Victory
Conquest
Starting age
Dark Age
Ending age
Imperial Age
RankedLock teamsTeams togetherTeam positionsShared explorationLock speedFull tech treeHidden civsTurbo modeCheats
Victory
Defeat
🇨🇭 Bulgarians · Switzerland
1349
+14
🇷🇺 Slavs · Russia
1277
+17
🇸🇪 Vikings · Sweden
1244
+18
🇪🇸 Britons · Spain
1348
-19
🇨🇴 Gurjaras · Colombia
1340
-18
🇧🇷 Persians · Brazil
1287
-17
🇪🇸 Armenians · Spain
1215
-14
Halola
0:40 Loom
9:43 Feudal Age
10:24 Double-Bit Axe
11:42 Horse Collar
18:08 Castle Age
17:10 Scale Mail Armor
19:50 Squires
22:31 Town Watch
25:15 Heavy Plow
25:32 Gold Mining
28:25 Bow Saw
32:46 Imperial Age
31:14 Chieftains
31:25 Stone Mining
32:05 Chain Mail Armor
32:27 Forging
32:07 Fletching
32:41 Ballistics
32:31 Masonry
33:31 Gold Shaft Mining
33:02 Capped Ram
34:55 Conscription
36:43 Plate Mail Armor
36:48 Iron Casting
36:06 Siege Ram
36:52 Elite Berserk
38:41 Hoardings
39:18 Blast Furnace
40:40 Chemistry
40:09 Bogsveigar
41:43 Two-Man Saw
41:18 Treadmill Crane
41:57 Bodkin Arrow
44:23 Crop Rotation
44:28 Architecture
43:46 Arrowslits
47:04 Siege Engineers
47:30 Architecture
48:56 Bracer
49:01 Padded Archer Armor
49:06 Scale Barding Armor
49:16 Fortified Wall
50:53 Heavy Scorpion
52:23 Leather Archer Armor
52:29 Chain Barding Armor
52:06 Murder Holes
52:02 Guard Tower
52:17 Siphons
52:03 Heated Shot
52:24 Clinker Construction
51:38 Pikeman
52:07 Arson
51:42 Pikeman
53:38 Careening
53:21 Sappers
54:34 Ring Archer Armor
54:09 Caravan
53:48 Crossbowman
53:48 Elite Skirmisher
Reis
0:33 Loom
10:53 Feudal Age
15:46 Castle Age
17:00 Scale Barding Armor
18:51 Fletching
21:52 Bodkin Arrow
47:03 Stone Mining
软脚虾5号(p6有机会获得妙卡奶牛)
0:31 Loom
11:10 Feudal Age
12:10 Double-Bit Axe
13:05 Fishing Lines
18:59 Castle Age
19:51 Bow Saw
20:06 Gillnets
22:50 Wheelbarrow
24:38 Gold Mining
24:38 Stone Mining
30:40 Imperial Age
28:26 Hand Cart
28:00 Town Watch
29:06 Scale Mail Armor
29:17 Forging
29:36 Arson
30:27 Chain Mail Armor
30:48 Iron Casting
30:04 Fletching
30:24 Stronghold
32:14 Plate Mail Armor
32:45 Blast Furnace
32:09 Ballistics
31:30 Treadmill Crane
32:15 Conscription
32:49 Bodkin Arrow
33:24 Elite Woad Raider
34:14 Capped Ram
35:37 Siege Ram
37:02 Siege Engineers
36:42 Pikeman
37:16 Halberdier
39:37 Furor Celtica
41:05 Heavy Scorpion
45:32 Hoardings
48:58 Caravan
51:13 Masonry
52:07 Chemistry
51:17 Masonry
51:09 Padded Archer Armor
53:41 Gold Shaft Mining
53:44 Stone Shaft Mining
52:54 Sappers
53:55 Spies/Treason
sybertuk
0:34 Loom
14:33 Feudal Age
16:09 Double-Bit Axe
16:07 Horse Collar
19:08 Castle Age
19:55 Town Watch
20:46 Wheelbarrow
28:35 Bow Saw
30:57 Hand Cart
31:30 Detinets
32:27 Heavy Plow
32:19 Gold Mining
32:19 Stone Mining
35:39 Imperial Age
33:19 Scale Barding Armor
35:18 Bloodlines
35:08 Husbandry
36:48 Conscription
36:27 Elite Boyar
38:25 Two-Man Saw
38:12 Chain Barding Armor
38:03 Forging
37:53 Fletching
39:00 Squires
38:21 Pikeman
38:22 Man-at-Arms
39:38 Plate Barding Armor
39:39 Iron Casting
39:08 Murder Holes
39:34 Ballistics
39:25 Masonry
40:06 Bodkin Arrow
39:53 Halberdier
43:33 Hoardings
44:18 Blast Furnace
43:19 Scale Mail Armor
42:51 Long Swordsman
43:36 Two-Handed Swordsman
44:02 Capped Ram
44:54 Siege Ram
46:05 Siege Engineers
47:02 Chemistry
45:38 Light Cavalry
46:36 Chain Mail Armor
46:21 Padded Archer Armor
47:16 Caravan
47:07 Hussar
48:19 Plate Mail Armor
47:12 Champion
48:29 Leather Archer Armor
54:50 Ring Archer Armor
Alud | lllpollo
0:34 Loom
9:53 Feudal Age
10:43 Double-Bit Axe
16:01 Castle Age
14:19 Horse Collar
14:33 Double-Bit Axe
15:09 Gold Mining
16:09 Scale Barding Armor
16:16 Forging
18:11 Bow Saw
18:21 Bloodlines
18:45 Heavy Plow
21:34 Husbandry
23:37 Wheelbarrow
24:21 Stone Mining
25:32 Hand Cart
30:38 Imperial Age
28:54 Chain Barding Armor
34:13 Elite Chakram Thrower
35:48 Plate Barding Armor
35:16 Scale Mail Armor
35:51 Iron Casting
35:17 Fletching
LaGordaKoreana
0:34 Loom
10:08 Feudal Age
12:05 Forging
14:53 Horse Collar
21:55 Castle Age
24:49 Wheelbarrow
25:40 Bloodlines
25:31 Husbandry
25:38 Scale Barding Armor
30:36 Hand Cart
31:42 Double-Bit Axe
32:10 Heavy Plow
35:06 Iron Casting
34:51 Chain Barding Armor
34:30 Town Watch
37:37 Imperial Age
35:15 Stone Mining
35:15 Gold Mining
37:43 Fletching
38:56 Blast Furnace
38:31 Plate Barding Armor
39:09 Elite War Elephant
40:57 Elite War Elephant
Mjukkinderna
0:32 Loom
10:30 Feudal Age
16:39 Castle Age
14:59 Double-Bit Axe
20:42 Padded Archer Armor
20:40 Fletching
21:38 Gold Mining
22:22 Padded Archer Armor
23:15 Bow Saw
25:05 Bodkin Arrow
25:54 Horse Collar
27:08 Leather Archer Armor
28:00 Stone Mining
31:10 Gold Shaft Mining
36:22 Heavy Plow
40:33 Imperial Age
39:24 Ballistics
40:19 Wheelbarrow
39:30 Town Watch
41:16 Bracer
42:24 Chemistry
41:49 Conscription
42:28 Ring Archer Armor
42:33 Hand Cart
42:18 Elite Composite Bowman
44:11 Forging
44:01 Scale Mail Armor
44:34 Pikeman
45:16 Squires
45:01 Gambesons
45:53 Iron Casting
46:51 Chain Mail Armor
47:32 Masonry
48:00 Hoardings
48:59 Blast Furnace
48:29 Plate Mail Armor
El brujo embrujado
0:42 Loom
12:00 Feudal Age
16:23 Castle Age
17:38 Horse Collar
17:46 Double-Bit Axe
19:29 Forging
19:20 Scale Mail Armor
33:54 Town Watch
37:10 Heavy Plow
40:21 Imperial Age
37:37 Town Watch
38:07 Padded Archer Armor
38:28 Fletching
39:09 Gold Mining
39:44 Bow Saw
40:25 Leather Archer Armor
40:56 Gold Shaft Mining
40:13 Stone Mining
41:59 Wheelbarrow
42:10 Pikeman
42:35 Gambesons
42:51 Squires
42:52 Scale Mail Armor
43:28 Iron Casting
47:24 Chain Mail Armor
48:24 Chemistry
48:55 Blast Furnace
Connection lost

Rejoining the realm…

Still unreachable

The connection could not be restored.

Session expired

The server has moved on; the page needs a fresh start.